 Dungeon Crawl Stone Soup version 0.17.1-3-g152610e (webtiles) character file.

288 qmppu842 the Ruffian (level 6, -1/61 HPs)
             Began as a Troll Chaos Knight on Feb 23, 2016.
             Was an Initiate of Ru.
             Slain by a chaos spawn (9 damage)
             ... summoned by the capriciousness of Xom
             ... on level 4 of the Dungeon.
             The game lasted 00:26:01 (2929 turns).

qmppu842 the Ruffian (Troll Chaos Knight)           Turns: 2929, Time: 00:26:01

Health: -1/61      AC:  7    Str: 24 (25) XL:     6   Next: 9%
Magic:  5/5        EV:  5    Int:  8      God:    Ru [......]
Gold:   185        SH:  0    Dex:  9      Spells: 0 memorised, 5 levels left

rFire  . . .     SeeInvis .       - Unarmed
rCold  . . .     Clarity  .     a - +2 robe
rNeg   . . .     SustAt   .     (no shield)
rPois  .         Gourm    +     (helmet restricted)
rElec  .         Spirit   .     (no cloak)
rCorr  .         Warding  .     (gloves unavailable)
rMut   .         Rnd*Tele +     (boots unavailable)
MR     .....                    v - amulet of faith
Stlth  ..........               (no ring)
                                (no ring)

@: not resistant to hostile enchantments, extremely unstealthy
A: unfitting armour, claws 3, blurry vision 1, fast metabolism 3, gourmand,
regeneration 2, shaggy fur 1, strong 1, teleportitis 1, tough skin 2, no stealth
a: Renounce Religion


You were on level 4 of the Dungeon.
You worshipped Ru.
Ru was noncommittal.
You were completely stuffed.

You visited 1 branch of the dungeon, and saw 4 of its levels.

You collected 185 gold pieces.

Inventory:

Hand Weapons
 c - a +0 halberd
 e - a +0 spear
 m - a +4 dagger
 n - a +0 club
 o - a +0 club
 u - a +0 spear
 w - a cursed +0 club
 x - a +0 whip
Missiles
 d - 24 arrows
 i - 4 tomahawks (quivered)
 q - 19 bolts
Armour
 a - a +2 robe (worn)
Jewellery
 t - an uncursed ring of teleportation
 v - an amulet of faith (around neck)
Scrolls
 g - 2 scrolls of remove curse
 j - 2 scrolls of identify
Potions
 l - a potion of curing {unknown}
 s - a potion of lignification
Miscellaneous
 h - a plain deck of changes
Comestibles
 b - 4 bread rations
 f - a beef jerky
 k - a slice of pizza
 p - 2 meat rations
 r - 3 chunks of flesh


   Skills:
 + Level 3.3 Fighting
 + Level 3.9 Dodging
 + Level 4.6 Unarmed Combat


You had 5 spell levels left.
You didn't know any spells.

Dungeon Overview and Level Annotations

Branches:
Dungeon (4/15)
 Temple: D:4-7

Altars:
Cheibriados
Nemelex Xobeh
Ru
Yredelemnul


Innate Abilities, Weirdness & Mutations

You are too large for most types of armour.
You have claws for hands.
Your metabolism is lightning-fast.
You like to eat raw meat.
You heal very quickly.
You are covered in fur (AC +1).
You have very tough skin (AC +2).
You cannot be stealthy.
Scrolls take you a little longer to read.
Your muscles are strong. (Str +2)
You are occasionally teleported next to monsters.


Message History

You scratch the chaos spawn.
The chaos spawn is heavily wounded.
The chaos spawn gores you.
You are engulfed in flames!
You barely miss the chaos spawn.
The chaos spawn is heavily wounded.
The chaos spawn misses you. The chaos spawn closely misses you.
You scratch the chaos spawn.
The chaos spawn is severely wounded.
The chaos spawn gores you!
* * * LOW HITPOINT WARNING * * *
The chaos spawn shocks you!
* * * LOW HITPOINT WARNING * * *
You feel yourself speed up. The chaos spawn closely misses you.
There is a stone staircase leading up here.
You can't go down here!
The chaos spawn gores you.
* * * LOW HITPOINT WARNING * * *
You are engulfed in flames!
You die...

#. #.# #. #.#
#. #.# #. #.#
#a ###.### #.
#.....#
#.####...3@#
#........a.#
######.....#
#.....#
###.#.# #...#
#.###
##############
#.#
..............
#.# #.# #<.#


You could see a chaos spawn and a worker ant.

Vanquished Creatures
  An orc priest (D:3)
  An orc wizard (D:3)
  9 adders
  4 gnolls (D:3)
  3 worms
  4 giant geckos
  4 orcs (D:3)
  6 giant cockroaches
  10 goblins
  8 hobgoblins
  6 jackals
  2 quokkas (D:2)
  2 ball pythons (D:1)
  4 bats
  7 giant newts
  10 kobolds
  37 rats
  A spectral orc (D:3)
119 creatures vanquished.

Notes
Turn   | Place    | Note
--------------------------------------------------------------
     0 | D:1      | qmppu842 the Troll Chaos Knight began the quest for the Orb.
     0 | D:1      | Reached XP level 1. HP: 22/22 MP: 0/0
    66 | D:1      | XOM: harmless Pois miscast
   197 | D:1      | Reached XP level 2. HP: 29/29 MP: 1/1
   673 | D:1      | XOM: harmless Conj miscast
   752 | D:1      | XOM: harmless Tloc miscast
   765 | D:1      | XOM: fog
   789 | D:1      | Reached XP level 3. HP: 33/36 MP: 2/2
  1317 | D:2      | Found a faded altar to an unknown god.
  1499 | D:2      | XOM: colour smoke trail
  1532 | D:2      | Reached XP level 4. HP: 44/44 MP: 3/3
  1686 | D:3      | Found a sparkling altar of Nemelex Xobeh.
  1697 | D:3      | XOM: silly message
  1713 | D:3      | Found a sacrificial altar of Ru.
  1713 | D:3      | XOM: enchant monster (good)
  1764 | D:3      | Reached skill level 4 in Unarmed Combat
  1773 | D:3      | Fell from the grace of Xom
  1773 | D:3      | Became a worshipper of Ru the Awakened
  1845 | D:3      | XOM: mild Summ miscast
  2042 | D:3      | Reached XP level 5. HP: 48/53 MP: 4/4
  2349 | D:3      | Found a snail-covered altar of Cheibriados.
  2535 | D:3      | Reached XP level 6. HP: 55/61 MP: 5/5
  2728 | D:3      | Found a basalt altar of Yredelemnul.
  2748 | D:3      | XOM: give mutations
  2748 | D:3      | Gained mutation: You are occasionally teleported next to monsters. [Xom's mischief]
  2748 | D:3      | Gained mutation: Scrolls take you a little longer to read. [Xom's mischief]
  2748 | D:3      | Gained mutation: Your muscles are strong. (Str +2) [Xom's mischief]
  2914 | D:4      | XOM: medium Summ miscast
  2915 | D:4      | Noticed a chaos spawn
  2917 | D:4      | Gained mutation: You cannot be stealthy. [Ru sacrifice]
  2929 | D:4      | Slain by a chaos spawn

Action                   |  1- 3 |  4- 6 || total
-------------------------+-------+-------++-------
Melee: Unarmed           |   137 |   183 ||   320
Invok: Sacrifice Stealth |       |     1 ||     1
  Use: Scroll            |     1 |     6 ||     7
       Potion            |       |     5 ||     5
  Eat: Chunk             |    20 |    13 ||    33
